 Dungeon Crawl Stone Soup version 0.30-a0-920-g7493c07aab (webtiles) character file.

Game seed: 13996973086015822067

138 Newt the Shooter (level 5, -5/35 HPs)
             Began as a Kobold Hunter on Mar 21, 2023.
             Killed from afar by an orc wizard (11 damage)
             ... with a puff of flame
             ... on level 3 of the Dungeon.
             The game lasted 00:01:46 (3041 turns).

Newt the Shooter (Kobold Hunter)                    Turns: 3041, Time: 00:01:47

Health: -5/35      AC:  4    Str:  8    XL:     5   Next: 45%
Magic:  5/5        EV: 14    Int: 10    God:
Gold:   32         SH:  0    Dex: 21    Spells: 4/4 levels left

rFire   . . .      SeeInvis .    a - +0 shortbow
rCold   . . .      Faith    .    (shield currently unavailable)
rNeg    . . .      Spirit   .    c - +1 leather armour
rPois   .          Reflect  .    (no helmet)
rElec   .          Rampage  .    (no cloak)
rCorr   .                        (no gloves)
Will    .....                    (no boots)
Stlth   +++                      (no amulet)
HPRegen 0.25/turn                (no ring)
MPRegen 0.09/turn                (no ring)

@: no status effects
A: small, no large weapons, nightstalker 3
a: no special abilities


You were on level 3 of the Dungeon.
You visited 1 branch of the dungeon, and saw 3 of its levels.

You collected 60 gold pieces.
You spent 28 gold pieces at shops.

Inventory:

Hand Weapons
 a - a +0 shortbow (weapon)
Armour
 c - a +1 leather armour (worn)
Jewellery
 d - a +6 ring of strength
 g - an amulet of the acrobat
 i - a ring of ice
Scrolls
 b - 3 scrolls of immolation
 j - a scroll of teleportation
 n - 3 scrolls of identify
Potions
 f - 2 potions of might
 h - a potion of degeneration {unknown}
 k - a potion of lignification {unknown}
 l - a potion of resistance {unknown}
 p - a potion of mutation {unknown}


   Skills:
 - Level 5.0 Fighting
 + Level 6.3 Ranged Weapons
 - Level 2.4 Dodging
 - Level 1.3 Stealth


You had 4 spell levels left.
You didn't know any spells.
Your spell library contained the following spells:

 Spells                   Type           Power      Damage    Failure   Level
 Animate Dead             Necr           0%         N/A       99%         4
 Borgnjor's Vile Clutch   Necr/Erth      0%         N/A       100%        5
 Death Channel            Necr           0%         N/A       100%        6


Dungeon Overview and Level Annotations

Branches:
Dungeon (3/15)

Altars:

Shops:
D:1 *


Innate Abilities, Weirdness & Mutations

You are small and have problems with some larger weapons.
You are completely attuned to the shadows.


Message History

The orc wizard casts a spell at you.
You are confused.
The orc wizard gestures at you while chanting.
The magic dart hits you.
You are too confused!
You are too confused!
You are too confused!
You are too confused!
Unknown command.
You shoot an arrow. You shoot an arrow.
The orc wizard points at you and mumbles some strange words.
The puff of flame hits you!
You shoot an arrow. You shoot an arrow. The orc wizard barely misses you.
You shoot an arrow.
The orc wizard points at you and mumbles some strange words.
The magic dart hits you!
The orc wizard hits you with a +0 short sword.
You shoot an arrow.
You feel less confused. The orc wizard barely misses you.
Fire: a) +0 shortbow
Press: ? - help, Shift-Dir - straight line, f/p - orc wizard
Aim: an orc wizard, wielding a +0 short sword and wearing a +0 robe (lightly wounded, 61% to hit)
You shoot an arrow.
The arrow hits the orc wizard but does no damage.
The orc wizard is lightly wounded.
The orc wizard gestures at you while chanting.
The magic dart hits you!
* * * LOW HITPOINT WARNING * * *
You shoot an arrow. The arrow hits the orc wizard!
The orc wizard is almost dead.
The orc wizard closely misses you.
You shoot an arrow.
The arrow closely misses the orc wizard.
The orc wizard closely misses you.
The orc wizard gestures at you while chanting.
The puff of flame hits you!
You die...

*,* *,*,*,* *,*,*,* *,*
*,*,*,******,*,*,* ***,*
*,*,,,,,,,,,,*,*,* ,,,,*
*,***,********,*,** ,,,,*
*,,,,,,,,,,,,,o.>,* ,,,,*
*****,********o#,** ,,,,*
*,,,,,,,,,.#,*
#####################.###*
................@o......!*
#####################.###*
*.# *.# *.# *,* *,* *,*
*,*


You could see an orc wizard.

Vanquished Creatures
  2 orc priests (D:3)
  4 adders
  A dart slug (D:1)
  An orc (D:3)
  4 endoplasms
  4 giant cockroaches
  6 hobgoblins
  4 kobolds
  A quokka (D:3)
  A ball python (D:1)
  3 bats
  4 frilled lizards
  3 goblins
  5 rats
43 creatures vanquished.

Notes
Turn   | Place    | Note
-------+----------+-------------------------------------------
     0 | D:1      | Newt the Kobold Hunter began the quest for the Orb.
     0 | D:1      | Reached XP level 1. HP: 12/12 MP: 1/1
    80 | D:1      | Found Keqergh's General Store.
   167 | D:1      | Found a faded altar of an unknown god.
   256 | D:1      | Reached XP level 2. HP: 18/18 MP: 2/2
   664 | D:1      | Reached XP level 3. HP: 23/23 MP: 3/3
  1072 | D:1      | Bought a scroll of identify for 28 gold pieces
  1363 | D:2      | Reached XP level 4. HP: 30/30 MP: 4/4
  2315 | D:3      | Reached skill level 5 in Fighting
  2764 | D:3      | Reached XP level 5. HP: 28/35 MP: 5/5
  2768 | D:3      | Reached skill level 6 in Ranged Weapons
  3041 | D:3      | Killed from afar by an orc wizard

Illustrated notes

Levels and vault maps discovered:
D:1:      matt_arrival_refuge, layout_loops_cross, serial_shops, shop,
          shapermc_ecumenical_altar_pompeii, minmay_misc_feat_nine_boxes,
          minmay_parallelograms
D:2:      layout_basic, chequers_serial_rivers_micro_a
D:3:      layout_basic, minmay_misc_feat_columns

Skill      XL: |  1  2  3  4  5 |
---------------+----------------+-----
Fighting       | 3 4 5 |  5.0
Ranged Weapons | 6 |  6.3
Dodging        | |  2.4
Stealth        | |  1.3

Action                     |  1- 3 |  4- 6 || total
---------------------------+-------+-------++-------
   Fire: Shortbow          |    65 |    62 ||   127
    Use: Scroll            |     6 |     4 ||    10
         Potion            |       |     1 ||     1
 Armour: Leather armour    |     9 |    10 ||    19
  Dodge: Dodged            |    27 |    28 ||    55

Table legend: (Time is in decaauts)
 A = Elapsed time spent in this place.
 B = Non-inter-level travel time spent in this place.
 C = Inter-level travel time spent in this place.
 D = Time resting spent in this place.
 E = Time spent auto-exploring this place.
 F = Levels seen in this place.
 G = Mean time per level.
                   A        B        C        D        E       F      G
               +--------+--------+--------+--------+--------+-----+--------+
         Total |   3078 |   2966 |    112 |    525 |   2173 |   3 | 1026.0 |
       Dungeon |   3078 |   2966 |    112 |    525 |   2173 |   3 | 1026.0 |
               +--------+--------+--------+--------+--------+-----+--------+

Top non-repeatable levels by time:
     D:3: 1272 daAuts
     D:1: 1111 daAuts
     D:2: 695 daAuts
